 Dungeon Crawl Stone Soup version 0.29-a0-911-g88e6f02907 (webtiles) character file.

Game seed: 1676103747090091796

67 gelatine the Firebug (level 3, -3/25 HPs)
             Began as a Demonspawn Fire Elementalist on July 25, 2022.
             Slain by an orc
             ... wielding a +0 flail
              (7 damage)
             ... on level 3 of the Dungeon.
             The game lasted 00:06:19 (2156 turns).

gelatine the Firebug (Demonspawn Fire Elementalist) Turns: 2156, Time: 00:06:20

Health: -3/25      AC:  2    Str:  8    XL:     3   Next: 98%
Magic:  3/6        EV: 12    Int: 18    God:
Gold:   82         SH:  0    Dex: 13    Spells: 4/7 levels left

rFire   . . .      SeeInvis .   i - +0 short sword
rCold   . . .      Faith    .   (no shield)
rNeg    . . .      Spirit   .   a - +0 robe
rPois   .          Reflect  +   (no helmet)
rElec   .          Harm     .   (no cloak)
rCorr   .          Rampage  .   (no gloves)
Will    .....                   (no boots)
Stlth   +.........              g - amulet of reflection
HPRegen 0.08/turn               (no ring)
MPRegen 0.20/turn               (no ring)

@: confused, brilliant, flying
A: demonic guardian 1, magic regeneration
a: no special abilities


You were on level 3 of the Dungeon.
You visited 1 branch of the dungeon, and saw 3 of its levels.

You collected 82 gold pieces.

Inventory:

Hand Weapons
 i - a +0 short sword (weapon)
Armour
 a - a +0 robe (worn)
 p - the +2 ring mail of Qiso {Contam rN+ Int+4}
   (You found it on level 3 of the Dungeon)

   Int:       It affects your intelligence (+4).
   rN:        It protects you from negative energy.
   Contam:    It causes magical contamination when unequipped.
Jewellery
 g - an amulet of reflection (around neck)
 h - an amulet of guardian spirit
Scrolls
 c - a scroll of immolation {unknown}
 e - 2 scrolls of vulnerability {unknown}
 f - 2 scrolls of noise {unknown}
 j - 4 scrolls of identify {unknown}
 k - a scroll of silence {unknown}
 n - a scroll of poison {unknown}
 q - a scroll of fog {unknown}
Potions
 b - 2 potions of magic
 o - a potion of haste {unknown}


   Skills:
 + Level 0.3 Fighting
 + Level 2.0 Dodging
 + Level 2.0 Stealth
 + Level 2.6 Spellcasting
 + Level 1.9 Conjurations
 + Level 3.4 Fire Magic


You had 4 spell levels left.
You knew the following spells:

 Your Spells              Type           Power      Damage    Failure   Level
a - Foxfire               Conj/Fire      68%        2x1d7     6%          1
b - Scorch                Fire           42%        2d7       6%          2

Your spell library contained the following spells:

 Spells                   Type           Power      Damage    Failure   Level
 Magic Dart               Conj           52%        1d5       8%          1
 Searing Ray              Conj           26%        2d5       12%         2
 Beastly Appendage        Tmut           6%         N/A       17%         1
 Conjure Flame            Conj/Fire      17%        6-21      17%         3
 Ensorcelled Hibernation  Hex/Ice        6%         N/A       26%         2
 Wereblood                Tmut           3%         N/A       26%         2
 Inner Flame              Hex/Fire       12%        N/A       26%         3
 Spider Form              Tmut/Pois      3%         N/A       45%         3
 Flame Wave               Conj/Fire      17%        2d6       50%         4
 Fulminant Prism          Conj/Hex       4%         3d6       75%         4
 Anguish                  Hex/Necr       1%         N/A       86%         4


Dungeon Overview and Level Annotations

Branches:
Dungeon (3/15)

Altars:
Gozag
Xom


Innate Abilities, Weirdness & Mutations

A weak demonic guardian rushes to your aid.
You regenerate magic rapidly.


Message History

You're too confused to cast spells.
You miss something.
You hear some strange, mumbled words.
You are more confused.
You hear some strange, mumbled words.
A magic dart appears from out of thin air!
The magic dart hits you!
You are too confused!
It was a potion of flight.
You feel very buoyant.
You fly up into the air.
The orc closely misses you.
It was a potion of heal wounds.
You feel much better. The orc hits you with a +0 club. Something hits you.
A demonic guardian appears!
You closely miss the orc.
The orc is heavily wounded.
The orc hits you with a +0 club. Something completely misses you.
The orc hits you with a +0 flail!
Something hits your iron imp but does no damage.
You barely miss your iron imp.
Your iron imp closely misses the orc.
The orc hits you with a +0 club.
You hear some strange, mumbled words.
You are more confused.
You bump into the rock wall.
Your iron imp hits the orc!
The orc dies!
Something hits you.
The orc hits your iron imp with a +1 hand axe of flaming!
You bump into the rock wall.
The orc hits your iron imp but does no damage.
The orc hits you with a +0 flail.
* * * LOW HITPOINT WARNING * * *
Something hits you.
* * * LOW HITPOINT WARNING * * *
Your iron imp hits the orc.
It was a potion of brilliance.
You feel clever all of a sudden. Something hits you but does no damage.
The orc hits your iron imp but does no damage.
The orc hits you with a +0 flail!
You die... o.# ..# ..# ..# oo#

..#
###.#########..#
.......@o.....#
.#.####5{......#
...#..o....#.# .
##.#.......# #
...###..........#
.................<
..###..###...#####
#..# #..## #..#
#..#


You could see 2 orcs and a friendly iron imp (summoned).

Vanquished Creatures
  2 adders
  A worm (D:2)
  2 dart slugs (D:2)
  6 endoplasms
  3 giant cockroaches
  2 hobgoblins (D:3)
  2 kobolds
  3 ball pythons
  2 bats
  11 frilled lizards
  4 goblins
  2 rats
40 creatures vanquished.

Vanquished Creatures (collateral kills)
  An orc (D:3)
1 creature vanquished.

Vanquished Creatures (others)
  139 foxfires
139 creatures vanquished.

Grand Total: 180 creatures vanquished

Notes
Turn   | Place    | Note
-------+----------+-------------------------------------------
     0 | D:1      | gelatine the Demonspawn Fire Elementalist began the quest
                  | for the Orb.
     0 | D:1      | Reached XP level 1. HP: 13/13 MP: 3/3
   255 | D:1      | Reached skill level 3 in Fire Magic
   412 | D:1      | Gained mutation: You regenerate magic rapidly. [demonic
                  | ancestry]
   412 | D:1      | Reached XP level 2. HP: 19/19 MP: 1/5
  1047 | D:2      | You fall into a shaft and drop 1 floor!
  1173 | D:2      | Gained mutation: A weak demonic guardian rushes to your
                  | aid. [demonic ancestry]
  1173 | D:2      | Reached XP level 3. HP: 6/24 MP: 0/6
  1445 | D:1      | Prayed at the altar of an unknown god.
  1445 | D:1      | Became a worshipper of Xom of Chaos
  1449 | D:1      | Learned a level 2 spell: Scorch
  1465 | D:2      | XOM: silly message
  1557 | D:2      | XOM: silly message
  1746 | D:2      | XOM: divination: detect items
  1759 | D:2      | Fell from the grace of Xom
  2051 | D:3      | Found an opulent altar of Gozag.
  2113 | D:3      | Identified the +2 ring mail of Qiso {Contam rN+ Int+4}
  2156 | D:3      | Slain by an orc

Illustrated notes

Levels and vault maps discovered:
D:1:      spicycebolla_arrival_ecumenical, layout_loops_ring,
          nicolae_concentric_dashed_squares_mild, st_stairs_10,
          serial_park_tiny_1
D:2:      layout_basic, minmay_lizard_pond
D:3:      layout_loops_ring, grunt_gozag_breadcrumbs,
          gammafunk_temple_overflow_statue

Skill      XL: |  1  2  3 |
---------------+----------+-----
Fire Magic     | 3 |  3.4
Dodging        | 2 |  2.0
Stealth        | 2 |  2.0
Fighting       | |  0.3
Spellcasting   | |  2.6
Conjurations   | |  1.9

Action                   || total
-------------------------++-------
Melee: Short sword       ||    17
 Cast: Foxfire           ||    88
Invok: Renounce Religion ||     1
  Use: Potion            ||     3
Armor: Robe              ||     7
Dodge: Dodged            ||    11
Block: Other             ||     2

Table legend: (Time is in decaauts)
 A = Elapsed time spent in this place.
 B = Non-inter-level travel time spent in this place.
 C = Inter-level travel time spent in this place.
 D = Time resting spent in this place.
 E = Time spent auto-exploring this place.
 F = Levels seen in this place.
 G = Mean time per level.
                   A        B        C        D        E       F      G
               +--------+--------+--------+--------+--------+-----+--------+
         Total |   2157 |   2061 |     96 |    193 |   1485 |   3 |  719.0 |
       Dungeon |   2157 |   2061 |     96 |    193 |   1485 |   3 |  719.0 |
               +--------+--------+--------+--------+--------+-----+--------+

Top non-repeatable levels by time:
     D:2: 1021 daAuts
     D:1: 923 daAuts
     D:3: 211 daAuts
